 Dungeon Crawl Stone Soup version 0.28.0-53-g5a82cb258f (webtiles) character file.

Game seed: 14922085063477132872

43 Kranky the Skirmisher (level 3, -2/27 HPs)
             Began as an Octopode Fighter on June 20, 2022.
             Slain by Grinder (7 damage)
             ... on level 3 of the Dungeon.
             The game lasted 00:03:39 (2264 turns).

Kranky the Skirmisher (Octopode Fighter)            Turns: 2264, Time: 00:03:39

Health: -2/27      AC:  1    Str: 15    XL:     3   Next: 58%
Magic:  3/3        EV: 12    Int: 10    God:
Gold:   139        SH:  8    Dex: 13    Spells: 2/2 levels left

rFire   . . .      SeeInvis .   a - +0 flail
rCold   . . .      Faith    .   i - +0 kite shield
rNeg    . . .      Spirit   .   (helmet restricted)
rPois   .          Reflect  .   (no amulet)
rElec   .          Harm     .   (no ring)
rCorr   .          Rampage  .   (no ring)
Will    .....                   (no ring)
Stlth   +++.......              (no ring)
HPRegen 0.09/turn               (no ring)
MPRegen 0.08/turn               (no ring)
                                (no ring)
                                (no ring)

@: no status effects
A: almost no armour, amphibious, 8 rings, camouflage 1, gelatinous body 1,
(nimble swimmer 1), tentacles
a: no special abilities


You were on level 3 of the Dungeon.
You visited 1 branch of the dungeon, and saw 3 of its levels.

You collected 139 gold pieces.

Inventory:

Hand Weapons
 a - a +0 flail (weapon)
 l - the +4 hunting sling of Laaniggo {flame, rPois rN++ Will- rCorr}
   (You found it on level 2 of the Dungeon)

   Any ammunition fired from it burns those it strikes, dealing additional fire
   damage.
   rPois:     It protects you from poison.
   rN:        It greatly protects you from negative energy.
   rCorr:     It protects you from acid and corrosion.
   Will:      It decreases your willpower.
Missiles
 h - 2 throwing nets (quivered)
Armour
 b - a +0 buckler
 i - a +0 kite shield (worn)
Scrolls
 e - a scroll of summoning {unknown}
 j - a scroll of amnesia {unknown}
 o - 2 scrolls of magic mapping {unknown}
 p - 2 scrolls of teleportation {unknown}
 r - a scroll of fog {unknown}
Potions
 c - a potion of might
 d - 2 potions of heal wounds {unknown}
 f - a potion of lignification {unknown}
 g - a potion of invisibility {unknown}
 k - a potion of ambrosia {unknown}
 n - a potion of curing {unknown}
 q - a potion of resistance {unknown}


   Skills:
 + Level 3.7 Fighting
 - Level 2.0 Maces & Flails
 + Level 0.5 Slings
 - Level 3.0 Dodging
 - Level 3.0 Stealth
 - Level 3.0 Shields


You had 2 spell levels left.
You didn't know any spells.
Your spell library contained the following spells:

 Spells                   Type           Power      Damage    Failure   Level
 Ozocubu's Armour         Ice            0%         N/A       98%         3
 Ozocubu's Refrigeration  Ice            0%         4d5       100%        7


Dungeon Overview and Level Annotations

Branches:
Dungeon (3/15)

Altars:
Wu Jian

Shops:
D:1 :[:

Annotations:
D:3 Grinder


Innate Abilities, Weirdness & Mutations

You cannot wear most types of armour.
You are amphibious.
You can wear up to eight rings at the same time.
Your skin changes colour to match your surroundings (Stealth+).
Your rubbery body absorbs attacks. (AC +1, EV +1)
((You are camouflaged when in or above water. (Stealth+)))
You have tentacles for arms and can constrict up to eight enemies at once.


Message History

A bat and a ball python come into view.
There are monsters nearby!
Found a scroll labelled ORAL RENEHATWO.
Found a scroll labelled HURPHU SABRY.
No target in view!
No target in view!
No target in view!
No target in view!
p - 2 scrolls labelled ORAL RENEHATWO (gained 1) Grinder is nearby!
You hit the bat. Your grab misses the bat.
The bat is severely wounded.
The bat barely misses you.
You sock the bat!
You kill the bat!
Grinder blinks!
You see here a bat corpse.
Grinder blinks!
You closely miss Grinder. Your grab misses Grinder.
Your squeeze misses Grinder. You block Grinder's attack.
Grinder closely misses you.
You closely miss Grinder. Your grab misses Grinder. Grinder gestures at you.
Pain shoots through your body!
The ball python hisses angrily.
You hit Grinder. You grab Grinder.
Grinder is lightly wounded.
You constrict Grinder. You block Grinder's attack.
You hit Grinder. You squeeze Grinder!
Grinder is heavily wounded.
You constrict Grinder, but do no damage.
Grinder hits you!
* * * LOW HITPOINT WARNING * * *
You writhe in agony.
* * * LOW HITPOINT WARNING * * *
Grinder completely misses you.
You hit Grinder. You squeeze Grinder.
Grinder is severely wounded.
You constrict Grinder. Grinder hits you!
You die...

.#.############....##
....................
.#......#######....#
.#......# #....#####
........# #...♣.....
.##.....#######.S.......
.#########..?##.........
... ..........†..∩..8..
.##. ...##...##.@.......
.# .. +...##..5...... .#
. #...##∩..8..8.. .#
#..............
#..............
#.....8..∩..∩..
#..............
#..............
#.....∩..∩..8..


You could see Grinder and a ball python.

Vanquished Creatures
  An adder (D:3)
  A worm (D:2)
  2 ball pythons
  4 endoplasms
  2 giant cockroaches (D:1)
  2 goblins (D:1)
  A hobgoblin (D:1)
  4 jackals (D:1)
  A quokka (D:1)
  3 bats
  3 frilled lizards
  4 kobolds (D:1)
  A rat (D:3)
29 creatures vanquished.

Vanquished Creatures (others)
  7 toadstools (D:1)
7 creatures vanquished.

Grand Total: 36 creatures vanquished

Notes
Turn   | Place    | Note
-------+----------+-------------------------------------------
     0 | D:1      | Kranky the Octopode Fighter began the quest for the Orb.
     0 | D:1      | Reached XP level 1. HP: 16/16 MP: 1/1
   109 | D:1      | Found Doaklued's Book Boutique.
   124 | D:1      | Found Muavvuy's Antique Armour Shop.
   173 | D:1      | Reached skill level 1 in Stealth
   367 | D:1      | Reached XP level 2. HP: 20/21 MP: 2/2
   737 | D:1      | Found Muoti's Book Shop.
  1080 | D:1      | Reached XP level 3. HP: 7/26 MP: 3/3
  1408 | D:2      | Identified the +4 hunting sling of Laaniggo {flame, rPois
                  | rN++ Will- rCorr}
  1843 | D:2      | Found an ornate altar of the Wu Jian Council.
  2054 | D:3      | Noticed Grinder
  2264 | D:3      | Slain by Grinder

Illustrated notes

Levels and vault maps discovered:
D:1:      nagdon_arrival_double_spiral, layout_basic, serial_shops, shop_statue,
          shop, shop
D:2:      layout_rooms, basic_altar
D:3:      layout_basic, kennysheep_slug_shrine,
          hellmonk_ecumenical_altar_arch_garden, amcnicky_mini_corridor_feature,
          uniq_grinder

Skill      XL: |  1  2  3 |
---------------+----------+-----
Stealth        | 1 2 3 |  3.0
Fighting       | |  3.7
Maces & Flails | |  2.0
Slings         | |  0.5
Dodging        | |  3.0
Shields        | |  3.0

Action                   || total
-------------------------++-------
Melee: Flail             ||    62
       Constrict         ||    16
       Tentacles         ||    11
       Punch             ||     1
 Fire: Hunting sling     ||    10
 Stab: Sleeping          ||     4
Armor: Skin              ||     9
Dodge: Dodged            ||    33
Block: Buckler           ||    12
       Kite shield       ||     6
